[Event "SRB-chT Women 1st League 2019"]
[Site "Subotica"]
[Date "2019.08.27"]
[Round "6"]
[White "Nomin-Erdene, Davaademberel"]
[Black "Nestorovic, Katarina"]
[Result "1/2-1/2"]
[ECO "B80"]
[WhiteElo "2367"]
[BlackElo "2159"]
[Annotator "NA"]
[PlyCount "55"]
[EventDate "2019.08.23"]
[EventType "team-tourn"]
[EventCountry "SRB"]
[SourceTitle "playchess.com"]
[Source "ChessBase"]
[SourceQuality "1"]
[TimeControl "40/5400+30:1800+30"]

1. e4 c5 2. Nf3 e6 3. d4 cxd4 4. Nxd4 Nf6 5. Nc3 d6 6. Be3 Be7 7. f3 O-O 8. Qd2 Nc6 9. g4 d5 10. g5 Nh5 11. f4 Nxd4 12. Qxd4 dxe4 13. Qxe4 Bd7 14. Bd3 g6 15. Qf3 Bc6 16. Be4 Rc8 17. Bd2 Bxe4 18. Qxe4 b5 19. O-O-O Rc4 20. Qb7 b4 21. Be3 Qa5 22. Qxe7 bxc3 23. Kb1 cxb2 24. Bd4 Rb8 25. Be5 Rf8 26. Bd6 Rfc8 27. Be5 Rxc2 28. a3 1/2-1/2

[Event "SRB-chT Women 1st League 2019"]
[Site "Subotica"]
[Date "2019.08.27"]
[Round "6"]
[White "Belenkaya, Dina"]
[Black "Gajcin, Marina"]
[Result "1/2-1/2"]
[ECO "B31"]
[WhiteElo "2298"]
[BlackElo "2267"]
[Annotator "ChessBase"]
[PlyCount "159"]
[EventDate "2019.08.23"]
[EventType "team-tourn"]
[EventCountry "SRB"]
[SourceTitle "playchess.com"]
[Source "ChessBase"]
[SourceQuality "1"]
[TimeControl "40/5400+30:1800+30"]

1. e4 c5 2. Nf3 Nc6 3. Bb5 g6 4. O-O Bg7 5. d3 e5 6. a3 Nge7 7. b4 b6 8. Bb2 O-O 9. Nc3 Bb7 10. bxc5 bxc5 11. Re1 Rb8 12. Rb1 Nd4 13. Bc4 d6 14. Ba1 Bc6 15. Rxb8 Qxb8 16. Nd2 Kh8 17. Nf1 f5 18. f3 f4 19. Qd2 Qa8 20. Rb1 Rb8 21. Rxb8+ Qxb8 22. Nd5 Nxd5 23. exd5 Ba4 24. Bxd4 cxd4 25. Qc1 Bf6 26. Nd2 Bd8 27. Bb3 Be8 28. Qb1 Kg7 29. Ba2 Qxb1+ 30. Bxb1 Kf8 31. Ba2 Ke7 32. Kf2 Bb6 33. Bb3 Bc5 34. a4 Bb6 35. Ne4 h6 36. h4 Bd8 37. g3 Kd7 38. Kg2 Kc7 39. Nd2 Bd7 40. Ne4 Be7 41. a5 Bb5 42. Bc4 Ba4 43. c3 Bd8 44. cxd4 exd4 45. Kh3 fxg3 46. Kxg3 Kd7 47. a6 Kc7 48. f4 Bd7 49. Nf2 Be7 50. Ng4 h5 51. Nh6 Kb6 52. f5 Bf8 53. Ng8 Bxf5 54. Kf4 Kc7 55. Kg5 Kd8 56. Kf6 Ke8 57. Bb5+ Kd8 58. Kf7 g5 59. hxg5 h4 60. Ba4 Bxd3 61. Bd1 h3 62. Bf3 Be2 63. Bxe2 h2 64. Bf3 d3 65. Kxf8 d2 66. g6 d1=Q 67. Bxd1 h1=Q 68. Bg4 Qe4 69. Kf7 Qxg4 70. Nf6 Qc8 71. g7 Qc7+ 72. Kg6 Qc2+ 73. Kf7 Qc7+ 74. Kg6 Qc2+ 75. Kh6 Qd2+ 76. Kg6 Qc2+ 77. Kf7 Qc7+ 78. Kg6 Qc2+ 79. Kf7 Qc7+ 80. Kg6 1/2-1/2

[Event "SRB-chT Women 1st League 2019"]
[Site "Subotica"]
[Date "2019.08.27"]
[Round "6"]
[White "Chelushkina, Irina"]
[Black "Eric, Jovana"]
[Result "0-1"]
[ECO "B10"]
[WhiteElo "2275"]
[BlackElo "2270"]
[Annotator "NA"]
[PlyCount "102"]
[EventDate "2019.08.23"]
[EventType "team-tourn"]
[EventCountry "SRB"]
[SourceTitle "playchess.com"]
[Source "ChessBase"]
[SourceQuality "1"]
[TimeControl "40/5400+30:1800+30"]

1. g3 d5 2. Bg2 c6 3. d3 Nf6 4. Nd2 e5 5. e4 Bd6 6. Ngf3 O-O 7. O-O Nbd7 8. h3 Re8 9. Re1 Qc7 10. Nf1 Nf8 11. Bg5 dxe4 12. dxe4 N6d7 13. N1d2 Ne6 14. Nc4 Bf8 15. Bd2 f6 16. a4 a5 17. Nh4 b6 18. Bf1 Ndc5 19. c3 Bb7 20. Qc2 Rad8 21. Be3 Nd7 22. Red1 g6 23. Rxd7 Qxd7 24. Bxb6 Ra8 25. Rd1 Qf7 26. Bxa5 Kh8 27. b4 Ng5 28. Ne3 Qe6 29. g4 Ba6 30. Bg2 Be7 31. c4 Qc8 32. c5 Ne6 33. Nf3 Nf4 34. Bb6 Be2 35. Rd2 Bxf3 36. Bxf3 Nxh3+ 37. Kh2 Ng5 38. Bg2 Ne6 39. Qd1 Nd4 40. Nc4 Qe6 41. Na5 f5 42. exf5 gxf5 43. Rxd4 exd4 44. Bxc6 Qe5+ 45. Kh1 Bf6 46. g5 Bxg5 47. Bxa8 Rxa8 48. c6 Qd5+ 49. f3 Bf6 50. Qb3 Qe5 51. c7 Re8 0-1

[Event "SRB-chT Women 1st League 2019"]
[Site "Subotica"]
[Date "2019.08.27"]
[Round "6"]
[White "Velikic, Adela"]
[Black "Stojanovic, Andjelija"]
[Result "1/2-1/2"]
[ECO "A41"]
[WhiteElo "2252"]
[BlackElo "2350"]
[Annotator "NA"]
[PlyCount "60"]
[EventDate "2019.08.23"]
[EventType "team-tourn"]
[EventCountry "SRB"]
[SourceTitle "playchess.com"]
[Source "ChessBase"]
[SourceQuality "1"]
[TimeControl "40/5400+30:1800+30"]

1. d4 g6 2. c4 Bg7 3. Nc3 d6 4. Nf3 e5 5. dxe5 dxe5 6. Qxd8+ Kxd8 7. g3 c6 8. Bg2 h6 9. O-O Be6 10. Rd1+ Kc7 11. Be3 Nd7 12. Rac1 Ne7 13. Nd5+ Kd8 14. Nxe7 Kxe7 15. Nd2 f5 16. b4 Nb6 17. b5 e4 18. bxc6 bxc6 19. Rb1 Rhd8 20. f3 Bd4 21. Nf1 Bxe3+ 22. Nxe3 Rxd1+ 23. Rxd1 exf3 24. Bxf3 Nxc4 25. Nxc4 Bxc4 26. Rd4 Bxa2 27. Bxc6 Rc8 28. Rd7+ Kf6 29. Rxa7 Rxc6 30. Rxa2 Rb6 1/2-1/2

[Event "SRB-chT Women 1st League 2019"]
[Site "Subotica"]
[Date "2019.08.27"]
[Round "6"]
[White "Prudnikova, Svetlana"]
[Black "Pihajlic, Amalija"]
[Result "1-0"]
[ECO "D06"]
[WhiteElo "2234"]
[BlackElo "1889"]
[Annotator "NA"]
[PlyCount "61"]
[EventDate "2019.08.23"]
[EventType "team-tourn"]
[EventCountry "SRB"]
[SourceTitle "playchess.com"]
[Source "ChessBase"]
[SourceQuality "1"]
[TimeControl "40/5400+30:1800+30"]

1. d4 d5 2. c4 Bf5 3. cxd5 Qxd5 4. Nc3 Qa5 5. Nf3 c6 6. g3 h6 7. Bg2 Nf6 8. O-O e6 9. Ne5 Be7 10. e4 Bh7 11. d5 exd5 12. exd5 Qc7 13. dxc6 bxc6 14. Bf4 Bd6 15. Nb5 cxb5 16. Rc1 Qd8 17. Nc6 Nxc6 18. Bxc6+ Kf8 19. Qxd6+ Kg8 20. Bxa8 Qxa8 21. Qb8+ Qxb8 22. Bxb8 Bf5 23. Bxa7 Kh7 24. Bd4 Ne4 25. f3 Nd2 26. Rf2 Nc4 27. b3 Nd6 28. Be5 Ne8 29. Rd2 Nf6 30. Bxf6 gxf6 31. Rc5 1-0

[Event "SRB-chT Women 1st League 2019"]
[Site "Subotica"]
[Date "2019.08.27"]
[Round "6"]
[White "Injac, Teodora"]
[Black "Gaponenko, Inna"]
[Result "1-0"]
[ECO "E97"]
[WhiteElo "2223"]
[BlackElo "2446"]
[Annotator "NA"]
[PlyCount "99"]
[EventDate "2019.08.23"]
[EventType "team-tourn"]
[EventCountry "SRB"]
[SourceTitle "playchess.com"]
[Source "ChessBase"]
[SourceQuality "1"]
[TimeControl "40/5400+30:1800+30"]

1. d4 Nf6 2. Nf3 g6 3. c4 Bg7 4. Nc3 O-O 5. e4 d6 6. Be2 e5 7. O-O Nc6 8. Be3 Re8 9. dxe5 dxe5 10. h3 b6 11. c5 Bb7 12. Bc4 Qe7 13. Qa4 Nd4 14. Nxe5 b5 15. Nxb5 Qxe5 16. Bxd4 Qxe4 17. f3 Qc6 18. Qb3 Rf8 19. Bf2 Bc8 20. Nd4 Qxc5 21. Ne6 Qe7 22. Nxf8 Qxf8 23. Rac1 Bd7 24. Qb7 Rb8 25. Qxa7 Bh6 26. Rcd1 Bf5 27. Bb3 Qc8 28. Rfe1 Ra8 29. Qd4 Bg7 30. Bh4 Ne8 31. Qd8 Qxd8 32. Rxd8 Rxd8 33. Bxd8 Kf8 34. Be7+ Kg8 35. Bb4 Bd4+ 36. Kh2 Ng7 37. g4 Be6 38. Bc3 Bxb3 39. axb3 Bb6 40. Ra1 f5 41. Ra8+ Kf7 42. Rh8 Ne8 43. Rxh7+ Ke6 44. Rh6 Kf7 45. gxf5 gxf5 46. Be5 Be3 47. Rc6 Ke7 48. b4 Kd7 49. b5 Bg5 50. Kg3 1-0

[Event "SRB-chT Women 1st League 2019"]
[Site "Subotica"]
[Date "2019.08.27"]
[Round "6"]
[White "Kovacevic, Radmila"]
[Black "Drljevic, Ljilja"]
[Result "0-1"]
[ECO "B08"]
[WhiteElo "2117"]
[BlackElo "2162"]
[Annotator "NA"]
[PlyCount "108"]
[EventDate "2019.08.23"]
[EventType "team-tourn"]
[EventCountry "SRB"]
[SourceTitle "playchess.com"]
[Source "ChessBase"]
[SourceQuality "1"]
[TimeControl "40/5400+30:1800+30"]

1. e4 d6 2. d4 Nf6 3. Nc3 g6 4. h3 Bg7 5. Be3 O-O 6. Qd2 c6 7. Nf3 Nbd7 8. Bh6 e5 9. Bxg7 Kxg7 10. dxe5 dxe5 11. Bd3 Re8 12. Ne2 Nc5 13. Ng3 Qb6 14. O-O Qxb2 15. a4 Qb6 16. Qc3 Ncd7 17. Nh4 Qc5 18. Qd2 Nf8 19. Qg5 Ng8 20. Kh1 Ne6 21. Nh5+ Kh8 22. Qg3 gxh5 23. Nf5 Ne7 24. Qh4 Ng7 25. f4 Bxf5 26. exf5 Nexf5 27. Bxf5 Nxf5 28. Qf6+ Ng7 29. fxe5 Qxe5 30. Qxf7 Qe7 31. Qb3 Rf8 32. Rfe1 Qf7 33. Qb2 Rae8 34. Rf1 Qe7 35. Rfe1 Qxe1+ 36. Rxe1 Rxe1+ 37. Kh2 Re7 38. Qd4 a6 39. a5 Kg8 40. Qc4+ Rff7 41. Qd3 Rd7 42. Qg3 Rf5 43. Qb3+ Rfd5 44. Qb4 Kf7 45. Qf4+ Rf5 46. Qc4+ Ne6 47. Qc3 Rdd5 48. Qb2 Rb5 49. Qh8 Nf8 50. Qc3 Ne6 51. Qh8 Rxa5 52. Qxh7+ Ng7 53. g4 hxg4 54. hxg4 Rh5+ 0-1

[Event "SRB-chT Women 1st League 2019"]
[Site "Subotica"]
[Date "2019.08.27"]
[Round "6"]
[White "Tomin, Ksenija"]
[Black "Grujic, Danijela"]
[Result "0-1"]
[ECO "B53"]
[WhiteElo "2041"]
[BlackElo "2033"]
[Annotator "NA"]
[PlyCount "52"]
[EventDate "2019.08.23"]
[EventType "team-tourn"]
[EventCountry "SRB"]
[SourceTitle "playchess.com"]
[Source "ChessBase"]
[SourceQuality "1"]
[TimeControl "40/5400+30:1800+30"]

1. e4 c5 2. Nf3 Nc6 3. Bb5 d6 4. d4 cxd4 5. Qxd4 Bd7 6. Bxc6 Bxc6 7. Nc3 Nf6 8. Bg5 e6 9. Qd3 Be7 10. Nd4 a6 11. O-O-O O-O 12. f4 Qc7 13. h4 b5 14. e5 dxe5 15. Nxc6 Qxc6 16. fxe5 Rfd8 17. Qh3 Rxd1+ 18. Rxd1 Nd5 19. Bxe7 Nxe7 20. Rd6 Qc4 21. Qf3 Rc8 22. Rd7 Nf5 23. Qb7 b4 24. g4 bxc3 25. gxf5 Qf4+ 26. Kd1 Qf1# 0-1

[Event "SRB-chT Women 1st League 2019"]
[Site "Subotica"]
[Date "2019.08.27"]
[Round "6"]
[White "Petrovic, Marija"]
[Black "Gruic, Jadranka"]
[Result "1/2-1/2"]
[ECO "A07"]
[WhiteElo "1987"]
[BlackElo "2117"]
[Annotator "NA"]
[PlyCount "118"]
[EventDate "2019.08.23"]
[EventType "team-tourn"]
[EventCountry "SRB"]
[SourceTitle "playchess.com"]
[Source "ChessBase"]
[SourceQuality "1"]
[TimeControl "40/5400+30:1800+30"]

1. Nf3 d5 2. g3 c6 3. Bg2 Nf6 4. b3 Bf5 5. Bb2 h6 6. d3 e6 7. O-O Bc5 8. Nbd2 O-O 9. a3 a5 10. c4 b5 11. cxb5 cxb5 12. Nd4 Bxd4 13. Bxd4 Nc6 14. Bb2 Bg6 15. Nf3 Nd7 16. Qd2 Rc8 17. Rac1 Qb6 18. Rc2 b4 19. a4 Nc5 20. Qe3 Nd7 21. Rfc1 Qxe3 22. fxe3 Ne7 23. Nd4 Nb8 24. Rc7 Rfe8 25. Kf2 Kf8 26. Nb5 Rxc7 27. Rxc7 Rc8 28. Be5 Rxc7 29. Nxc7 Nec6 30. Bd6+ Kg8 31. Nb5 Nd7 32. Nd4 Nd8 33. Be7 Nb7 34. Nc6 Nbc5 35. Nxa5 f6 36. e4 dxe4 37. d4 Na6 38. Nc6 Kf7 39. Bxb4 e3+ 40. Kxe3 Bc2 41. Bd6 Bxb3 42. a5 Bd5 43. Be4 f5 44. Bxd5 exd5 45. Nb4 Nxb4 46. Bxb4 Nb8 47. h4 g6 48. Kd3 Ke6 49. Bc5 Kd7 50. Ke3 Ke6 51. Bf8 h5 52. Kf4 Na6 53. Kg5 Kf7 54. Bc5 Nb8 55. Kh6 Kf6 56. Kh7 Kf7 57. Bd6 Na6 58. Kh6 Kf6 59. Be5+ Kf7 1/2-1/2

[Event "SRB-chT Women 1st League 2019"]
[Site "Subotica"]
[Date "2019.08.27"]
[Round "6"]
[White "Gajcin, Jasmina"]
[Black "Stanimirovic, Marija"]
[Result "0-1"]
[ECO "B28"]
[WhiteElo "1910"]
[BlackElo "1896"]
[Annotator "NA"]
[PlyCount "76"]
[EventDate "2019.08.23"]
[EventType "team-tourn"]
[EventCountry "SRB"]
[SourceTitle "playchess.com"]
[Source "ChessBase"]
[SourceQuality "1"]
[TimeControl "40/5400+30:1800+30"]

1. e4 c5 2. Nf3 a6 3. Be2 Nc6 4. O-O Nf6 5. d3 Qc7 6. Re1 e6 7. Bf1 d6 8. c3 Be7 9. d4 cxd4 10. cxd4 d5 11. e5 Ne4 12. Bd3 Nb4 13. Na3 Nxd3 14. Qxd3 O-O 15. Bf4 Bd7 16. Nd2 Nxd2 17. Qxd2 b5 18. Nc2 Rac8 19. Rac1 Qb6 20. Bg5 f6 21. exf6 Bxf6 22. Bxf6 Rxf6 23. Ne3 Rxc1 24. Rxc1 Rf4 25. Rd1 Qd6 26. b4 Qf8 27. h3 h5 28. Rf1 Be8 29. Qc3 Bg6 30. a3 Qf6 31. Qc8+ Kh7 32. Nc2 Bd3 33. Rd1 Rxf2 34. Ne3 Be4 35. Qe8 Bg6 36. Qc8 Qf4 37. Re1 Rd2 38. Kh1 Qf2 0-1

[Event "SRB-chT Women 1st League 2019"]
[Site "Subotica"]
[Date "2019.08.28"]
[Round "7"]
[White "Drljevic, Ljilja"]
[Black "Nestorovic, Irena"]
[Result "1-0"]
[ECO "C47"]
[WhiteElo "2162"]
[BlackElo "2050"]
[Annotator "NA"]
[PlyCount "32"]
[EventDate "2019.08.23"]
[EventType "team-tourn"]
[EventCountry "SRB"]
[SourceTitle "playchess.com"]
[Source "ChessBase"]
[SourceQuality "1"]
[TimeControl "40/5400+30:1800+30"]

1. e4 e5 2. Nc3 Nf6 3. g3 d5 4. exd5 Nxd5 5. Bg2 Nxc3 6. bxc3 Bd6 7. Nf3 Nc6 8. O-O O-O 9. Rb1 Rb8 10. Re1 Bg4 11. h3 Bh5 12. d3 f6 13. Be3 b6 14. g4 Be8 15. d4 exd4 16. cxd4 Na5 1-0

[Event "SRB-chT Women 1st League 2019"]
[Site "Subotica"]
[Date "2019.08.28"]
[Round "7"]
[White "Nestorovic, Katarina"]
[Black "Prudnikova, Svetlana"]
[Result "1/2-1/2"]
[ECO "B85"]
[WhiteElo "2159"]
[BlackElo "2234"]
[Annotator "NA"]
[PlyCount "32"]
[EventDate "2019.08.23"]
[EventType "team-tourn"]
[EventCountry "SRB"]
[SourceTitle "playchess.com"]
[Source "ChessBase"]
[SourceQuality "1"]
[TimeControl "40/5400+30:1800+30"]

1. e4 c5 2. Nf3 d6 3. d4 cxd4 4. Nxd4 Nf6 5. Nc3 a6 6. Be2 e6 7. f4 Be7 8. Be3 Qc7 9. O-O O-O 10. Qe1 Nc6 11. Qg3 Nxd4 12. Bxd4 b5 13. a3 Bb7 14. Kh1 Bc6 15. Rae1 Qb7 16. Bf3 Rad8 1/2-1/2

[Event "SRB-chT Women 1st League 2019"]
[Site "Subotica"]
[Date "2019.08.28"]
[Round "7"]
[White "Miladinovic, Lena"]
[Black "Gajcin, Jasmina"]
[Result "1/2-1/2"]
[ECO "A35"]
[WhiteElo "2119"]
[BlackElo "1910"]
[Annotator "NA"]
[PlyCount "78"]
[EventDate "2019.08.23"]
[EventType "team-tourn"]
[EventCountry "SRB"]
[SourceTitle "playchess.com"]
[Source "ChessBase"]
[SourceQuality "1"]
[TimeControl "40/5400+30:1800+30"]

1. Nf3 Nf6 2. b3 g6 3. Bb2 Bg7 4. c4 c5 5. e3 Nc6 6. Be2 O-O 7. O-O b6 8. d4 cxd4 9. Nxd4 Bb7 10. Nc3 Nxd4 11. Qxd4 Nd5 12. Qd2 Nxc3 13. Bxc3 Bxc3 14. Qxc3 Qc7 15. Qd4 Qc6 16. Bf3 Qc7 17. Bxb7 Qxb7 18. Rfd1 d6 19. Qf4 Rac8 20. Rd5 Rc7 21. Rad1 Rfc8 22. h4 Rc5 23. Qf3 Qd7 24. h5 b5 25. Rxc5 Rxc5 26. cxb5 Rxb5 27. hxg6 hxg6 28. Qa8+ Kg7 29. Rc1 Rb7 30. Rc8 Rc7 31. Rh8 Qf5 32. Qf8+ Kf6 33. Rh4 Rc1+ 34. Kh2 Ke6 35. Rf4 Qh5+ 36. Kg3 Qg5+ 37. Kf3 Qh5+ 38. Kg3 Qg5+ 39. Kf3 Qh5+ 1/2-1/2

[Event "SRB-chT Women 1st League 2019"]
[Site "Subotica"]
[Date "2019.08.28"]
[Round "7"]
[White "Gruic, Jadranka"]
[Black "Blagojevic, Tijana"]
[Result "1-0"]
[ECO "D00"]
[WhiteElo "2117"]
[BlackElo "2155"]
[Annotator "NA"]
[PlyCount "36"]
[EventDate "2019.08.23"]
[EventType "team-tourn"]
[EventCountry "SRB"]
[SourceTitle "playchess.com"]
[Source "ChessBase"]
[SourceQuality "1"]
[TimeControl "40/5400+30:1800+30"]

1. d4 d5 2. Bf4 Nf6 3. e3 c5 4. c3 Nc6 5. Nd2 Bf5 6. Qb3 Qd7 7. Ngf3 c4 8. Qd1 e6 9. h3 h6 10. Be2 Be7 11. O-O O-O 12. Ne5 Qc8 13. Re1 Nxe5 14. Bxe5 b5 15. Bf3 Bd3 16. Be2 Bh7 17. Bf3 Qc6 18. Rc1 Rac8 1-0

[Event "SRB-chT Women 1st League 2019"]
[Site "Subotica"]
[Date "2019.08.28"]
[Round "7"]
[White "Kovacevic, Radmila"]
[Black "Injac, Teodora"]
[Result "1-0"]
[ECO "A01"]
[WhiteElo "2117"]
[BlackElo "2223"]
[Annotator "NA"]
[PlyCount "97"]
[EventDate "2019.08.23"]
[EventType "team-tourn"]
[EventCountry "SRB"]
[SourceTitle "playchess.com"]
[Source "ChessBase"]
[SourceQuality "1"]
[TimeControl "40/5400+30:1800+30"]

1. b3 Nf6 2. Bb2 g6 3. g4 Bg7 4. Bg2 O-O 5. h3 d6 6. e3 e5 7. Ne2 Nc6 8. d4 exd4 9. Nxd4 Bd7 10. Nxc6 Bxc6 11. Bxc6 bxc6 12. Nd2 Re8 13. Qf3 Nd5 14. Bxg7 Kxg7 15. c4 Nb4 16. O-O c5 17. a3 Nd3 18. Qd5 Ne5 19. f4 Nd7 20. Qd3 Qe7 21. Rae1 Rad8 22. Kg2 Kg8 23. Rh1 Qe6 24. Kf3 Nf6 25. e4 Nd7 26. h4 Qf6 27. Kg3 Nb8 28. Qe3 Nc6 29. Nf3 Rb8 30. g5 Qe6 31. h5 Nd4 32. Nxd4 cxd4 33. Qd3 c5 34. hxg6 fxg6 35. b4 a6 36. Re2 cxb4 37. Rxh7 Re7 38. Rxe7 Qxe7 39. e5 Qe6 40. exd6 Qxd6 41. c5 Qd7 42. Qxg6+ Qg7 43. Re8+ Rxe8 44. Qxe8+ Kh7 45. axb4 Qb7 46. Qh5+ Kg8 47. g6 d3 48. c6 Qg7 49. Qh7+ 1-0

[Event "SRB-chT Women 1st League 2019"]
[Site "Subotica"]
[Date "2019.08.28"]
[Round "7"]
[White "Tomin, Ksenija"]
[Black "Petrovic, Marija"]
[Result "1-0"]
[ECO "C41"]
[WhiteElo "2041"]
[BlackElo "1987"]
[Annotator "NA"]
[PlyCount "40"]
[EventDate "2019.08.23"]
[EventType "team-tourn"]
[EventCountry "SRB"]
[SourceTitle "playchess.com"]
[Source "ChessBase"]
[SourceQuality "1"]
[TimeControl "40/5400+30:1800+30"]

1. e4 e5 2. Nf3 Qe7 3. Nc3 c6 4. d4 d6 5. Bc4 h6 6. O-O Nf6 7. a4 Qc7 8. a5 Be7 9. h3 Nbd7 10. Be3 Nf8 11. Nd2 g5 12. dxe5 dxe5 13. f3 Ng6 14. Qe1 Nf4 15. Qf2 N6h5 16. Rfd1 Bxh3 17. g3 Rg8 18. Kh2 Bf8 19. Bc5 O-O-O 20. Bxf8 Nf6 1-0

[Event "SRB-chT Women 1st League 2019"]
[Site "Subotica"]
[Date "2019.08.29"]
[Round "8"]
[White "Bulmaga, Irina"]
[Black "Batsiashvili, Nino"]
[Result "1/2-1/2"]
[ECO "B12"]
[WhiteElo "2444"]
[BlackElo "2416"]
[Annotator "NA"]
[PlyCount "84"]
[EventDate "2019.08.23"]
[EventType "team-tourn"]
[EventCountry "SRB"]
[SourceTitle "playchess.com"]
[Source "ChessBase"]
[SourceQuality "1"]
[TimeControl "40/5400+30:1800+30"]

1. e4 c6 2. d4 d5 3. e5 Bf5 4. Nf3 e6 5. Be2 Ne7 6. O-O Ng6 7. Be3 Nd7 8. Ne1 h5 9. Nd2 h4 10. h3 c5 11. c3 Qb6 12. b4 c4 13. a4 a5 14. b5 f6 15. Bg4 Ne7 16. Bh5+ g6 17. Be2 Bg7 18. exf6 Bxf6 19. Ndf3 Nc8 20. Ne5 Nd6 21. N1f3 O-O-O 22. Qc1 Rdg8 23. Nh2 g5 24. Nhg4 Qd8 25. Bf3 Be7 26. Re1 Nf6 27. Ra2 Nxg4 28. Nxg4 Ne4 29. Ne5 Rh7 30. Bxe4 Bxe4 31. f3 Bf5 32. Bf2 Bd6 33. Rae2 Rhg7 34. Kh1 Qf8 35. Qe3 Bb8 36. Ra2 Qd8 37. Bg1 Bd6 38. Bh2 Qc7 39. Rb2 b6 40. Qg1 Rf8 41. Rbe2 Rf6 42. Re3 Kb7 1/2-1/2

[Event "SRB-chT Women 1st League 2019"]
[Site "Subotica"]
[Date "2019.08.29"]
[Round "8"]
[White "Rapport, Jovana"]
[Black "Doluhanova, Evgeniya"]
[Result "0-1"]
[ECO "D02"]
[WhiteElo "2370"]
[BlackElo "2305"]
[Annotator "NA"]
[PlyCount "136"]
[EventDate "2019.08.23"]
[EventType "team-tourn"]
[EventCountry "SRB"]
[SourceTitle "playchess.com"]
[Source "ChessBase"]
[SourceQuality "1"]
[TimeControl "40/5400+30:1800+30"]

1. d4 Nf6 2. Nf3 e6 3. Bf4 d5 4. e3 Bd6 5. Bd3 b6 6. Ne5 Ba6 7. Bxa6 Nxa6 8. Qe2 Nb8 9. Qb5+ Nfd7 10. Nd2 a6 11. Qe2 Qe7 12. c4 Bxe5 13. dxe5 Nc6 14. Rc1 Ndxe5 15. cxd5 exd5 16. O-O O-O 17. Nf3 Rfd8 18. Rc3 Nxf3+ 19. Qxf3 Ne5 20. Bxe5 Qxe5 21. Rc6 Rd7 22. b3 Re8 23. g3 Re6 24. Rfc1 g6 25. Qg4 a5 26. Qa4 Rxc6 27. Qxc6 Qe6 28. Kf1 Re7 29. a3 Kg7 30. Qc3+ Qf6 31. Qxf6+ Kxf6 32. Rc6+ Ke5 33. b4 axb4 34. axb4 d4 35. exd4+ Kxd4 36. Kg2 h5 37. Kf3 Ke5 38. h4 Kf5 39. b5 f6 40. Kg2 g5 41. hxg5 fxg5 42. Kh2 g4 43. Kg2 Re5 44. Rxc7 Rxb5 45. Rb7 Ke4 46. Rb8 Kd5 47. Rh8 Kc6 48. Rh6+ Kb7 49. f4 gxf3+ 50. Kxf3 Ka6 51. Rg6 Ka5 52. Ke3 Rd5 53. Ke4 Rc5 54. Kd4 Kb5 55. Kd3 Ka5 56. g4 hxg4 57. Rxg4 b5 58. Rg8 Ka4 59. Kd2 b4 60. Ra8+ Kb3 61. Rb8 Ka3 62. Rb7 b3 63. Rb8 Kb2 64. Kd3 Rc7 65. Rh8 Kb1 66. Rb8 b2 67. Rh8 Ra7 68. Rb8 Ka1 0-1

[Event "SRB-chT Women 1st League 2019"]
[Site "Subotica"]
[Date "2019.08.29"]
[Round "8"]
[White "Belenkaya, Dina"]
[Black "Atalik, Ekaterina"]
[Result "1/2-1/2"]
[ECO "B19"]
[WhiteElo "2298"]
[BlackElo "2456"]
[Annotator "ChessBase"]
[PlyCount "112"]
[EventDate "2019.08.23"]
[EventType "team-tourn"]
[EventCountry "SRB"]
[SourceTitle "playchess.com"]
[Source "ChessBase"]
[SourceQuality "1"]
[TimeControl "40/5400+30:1800+30"]

1. e4 c6 2. d4 d5 3. Nc3 dxe4 4. Nxe4 Bf5 5. Ng3 Bg6 6. h4 h6 7. Nf3 e6 8. Ne5 Bd6 9. Bd3 Bxd3 10. Qxd3 Nd7 11. f4 Ngf6 12. Qf3 Qc7 13. Bd2 O-O 14. O-O-O c5 15. Nxd7 Nxd7 16. Kb1 cxd4 17. c3 Qb6 18. Ne4 Qc7 19. Nxd6 Qxd6 20. Bc1 Qc7 21. Rxd4 f5 22. Re1 Rfe8 23. g4 fxg4 24. Qxg4 Nf6 25. Qh3 Qf7 26. Rd6 Qg6+ 27. Ka1 Qf5 28. Qg2 Re7 29. Re5 Qg4 30. Qh1 Rae8 31. c4 Rd7 32. c5 Rxd6 33. cxd6 Rd8 34. Qxb7 Qd1 35. Rc5 Rd7 36. Qb8+ Kh7 37. Rc6 Qd5 38. Rc8 Qxd6 39. Qxd6 Rxd6 40. b4 a6 41. Kb2 Nd5 42. Kb3 Kg6 43. Rf8 Kh5 44. Bb2 g6 45. Bg7 Rb6 46. a3 Rb7 47. Be5 a5 48. Bd6 axb4 49. axb4 Kxh4 50. Rh8 Kg4 51. Rxh6 Nxf4 52. Kc4 g5 53. Rf6 e5 54. Bxe5 Rxb4+ 55. Kxb4 Nd5+ 56. Kc5 Nxf6 1/2-1/2

[Event "SRB-chT Women 1st League 2019"]
[Site "Subotica"]
[Date "2019.08.29"]
[Round "8"]
[White "Eric, Jovana"]
[Black "Nestorovic, Katarina"]
[Result "1-0"]
[ECO "B80"]
[WhiteElo "2270"]
[BlackElo "2159"]
[Annotator "NA"]
[PlyCount "81"]
[EventDate "2019.08.23"]
[EventType "team-tourn"]
[EventCountry "SRB"]
[SourceTitle "playchess.com"]
[Source "ChessBase"]
[SourceQuality "1"]
[TimeControl "40/5400+30:1800+30"]

1. e4 c5 2. Nf3 e6 3. d4 cxd4 4. Nxd4 Nf6 5. Nc3 d6 6. Be3 a6 7. f3 b5 8. Qd2 Nbd7 9. a4 b4 10. Na2 d5 11. Nxb4 dxe4 12. c3 Bb7 13. Be2 Qc7 14. O-O Bd6 15. f4 O-O 16. Rad1 Bc5 17. Kh1 Rfd8 18. Qe1 Bxb4 19. cxb4 Nd5 20. Bc1 Qb6 21. f5 e5 22. Nc2 Rac8 23. a5 Qc6 24. Na3 Qa4 25. b5 e3 26. bxa6 Bc6 27. b3 Qxb3 28. Bc4 Qa4 29. Bxd5 Bxd5 30. Rxd5 Qe4 31. Rd6 e2 32. Rg1 Nc5 33. Rxd8+ Rxd8 34. Bd2 Nd3 35. Qg3 Qxf5 36. Be1 Qf1 37. a7 Nxe1 38. Qxe1 Qxe1 39. Rxe1 f6 40. Kg1 Ra8 41. Nb5 1-0

[Event "SRB-chT Women 1st League 2019"]
[Site "Subotica"]
[Date "2019.08.29"]
[Round "8"]
[White "Manakova, Maria"]
[Black "Dimitrijevic, Aleksandra"]
[Result "1-0"]
[ECO "C50"]
[WhiteElo "2237"]
[BlackElo "2142"]
[Annotator "NA"]
[PlyCount "107"]
[EventDate "2019.08.23"]
[EventType "team-tourn"]
[EventCountry "SRB"]
[SourceTitle "playchess.com"]
[Source "ChessBase"]
[SourceQuality "1"]
[TimeControl "40/5400+30:1800+30"]

1. e4 e5 2. Nf3 Nc6 3. Bc4 d6 4. d4 exd4 5. Nxd4 g6 6. Nxc6 bxc6 7. Qf3 Qf6 8. Qg3 Qe7 9. O-O Bg7 10. Nc3 Nf6 11. Bg5 h6 12. Bd2 Be6 13. Be2 Bd7 14. Rae1 O-O 15. Bd1 Rae8 16. f4 Kh7 17. Kh1 Qd8 18. Bf3 Re7 19. Qh4 Ng8 20. g4 f5 21. exf5 gxf5 22. g5 Rxe1 23. Bxe1 Ne7 24. Qg3 Be6 25. Rg1 c5 26. Qg2 Qd7 27. Bh4 Rg8 28. g6+ Kh8 29. Qh3 Re8 30. Bg5 Ng8 31. Nd5 c6 32. Ne3 d5 33. Be2 d4 34. Ng2 c4 35. Bh4 Bd5 36. Bf3 Re6 37. Ne1 Re3 38. Bf2 Re7 39. Qg2 Be4 40. Bh4 Re8 41. b3 d3 42. bxc4 d2 43. Nd3 Bxd3 44. Qxd2 Re2 45. Qxd3 Qxd3 46. cxd3 Rxa2 47. Bxc6 Bd4 48. Rb1 Nf6 49. Bxf6+ Bxf6 50. Rb7 Bd4 51. Rh7+ Kg8 52. Bd5+ Kf8 53. Rf7+ Ke8 54. Bc6+ 1-0

[Event "SRB-chT Women 1st League 2019"]
[Site "Subotica"]
[Date "2019.08.29"]
[Round "8"]
[White "Prudnikova, Svetlana"]
[Black "Hejazipour, Mitra"]
[Result "1/2-1/2"]
[ECO "D38"]
[WhiteElo "2234"]
[BlackElo "2251"]
[Annotator "NA"]
[PlyCount "43"]
[EventDate "2019.08.23"]
[EventType "team-tourn"]
[EventCountry "SRB"]
[SourceTitle "playchess.com"]
[Source "ChessBase"]
[SourceQuality "1"]
[TimeControl "40/5400+30:1800+30"]

1. Nf3 Nf6 2. c4 e6 3. Nc3 d5 4. d4 Bb4 5. cxd5 exd5 6. Qa4+ Nc6 7. Ne5 Bd7 8. Nxc6 Bxc3+ 9. bxc3 Bxc6 10. Qa3 Ne4 11. Bf4 Qf6 12. g3 Nd6 13. Bg2 O-O 14. Bxd6 cxd6 15. O-O Rfc8 16. Rfb1 Rc7 17. Rb4 b6 18. e3 Rac8 19. Qb2 Bb7 20. Rb3 Qf5 21. a4 Ba6 22. a5 1/2-1/2